 Dungeon Crawl Stone Soup version 0.24-b1 (webtiles) character file.

Game seed: 1186783357095916416, levelgen mode: deterministic

98 Kohma the Insei (level 4, -2/28 HPs)
             Began as an Octopode Transmuter on Oct 12, 2019.
             Slain by a kobold
             ... wielding a cursed -3 whip
              (3 damage)
             ... on level 2 of the Dungeon.
             The game lasted 00:05:46 (1587 turns).

Kohma the Insei (Octopode Transmuter)               Turns: 1587, Time: 00:05:46

Health: -2/28      AC:  1    Str:  9    XL:     4   Next: 69%
Magic:  6/7        EV: 13    Int: 15    God:
Gold:   78         SH:  0    Dex: 13    Spells: 1/7 levels left

rFire    . . .     SeeInvis .     - Unarmed
rCold    . . .     Gourm    .   (no shield)
rNeg     . . .     Faith    .   (helmet restricted)
rPois    .         Spirit   .   (no amulet)
rElec    .         Reflect  .   b - ring of flight
rCorr    .         Harm     .   (no ring)
MR       .....                  (no ring)
Stlth    ++........             (no ring)
HPRegen  0.09/turn              (no ring)
MPRegen  0.10/turn              (no ring)
                                (no ring)
                                (no ring)

@: lethally poisoned (-2 -> -4), hasted, very quick
A: almost no armour, stealthy swim, amphibious, 8 rings, constrict 8, camouflage
1, gelatinous body 1
a: Evoke Flight


You were on level 2 of the Dungeon.
You were not hungry.

You visited 1 branch of the dungeon, and saw 2 of its levels.

You collected 78 gold pieces.

Inventory:

Missiles
 a - 48 arrows
 g - 23 stones (quivered)
Jewellery
 b - a ring of flight (left tentacle)
Scrolls
 d - 2 scrolls of enchant weapon {unknown}
 e - 2 scrolls of fear {unknown}
 h - a scroll of noise {unknown}
 i - 2 scrolls of identify {unknown}
 m - a scroll of blinking {unknown}
 o - a scroll of remove curse {unknown}
Potions
 j - a potion of invisibility
 p - a potion of mutation {unknown}
Comestibles
 c - 4 rations
 f - 4 chunks of flesh


   Skills:
 - Level 1.0 Fighting
 - Level 2.0 Dodging
 - Level 5.0 Unarmed Combat
 + Level 2.1 Spellcasting
 + Level 2.1 Transmutations
 + Level 0.6 Poison Magic


You had one spell level left.
You knew the following spells:

 Your Spells              Type           Power        Failure   Level  Hunger
a - Beastly Appendage     Tmut           #.....       9%          1    #......
b - Sticks to Snakes      Tmut           #.......     14%         2    ###....
c - Spider Form           Tmut/Pois      #.........   36%         3    ###....

Your spell library contained the following spells:

 Spells                   Type           Power        Failure   Level  Hunger
 Ice Form                 Ice/Tmut       #.......     80%         4    #####..
 Blade Hands              Tmut           #.........   94%         5    ######.


Dungeon Overview and Level Annotations

Branches:
Dungeon (2/15)

Altars:


Innate Abilities, Weirdness & Mutations

You cannot wear most types of armour.
You are very stealthy in the water. (Stealth+)
You are amphibious.
You can wear up to eight rings at the same time.
You can use your tentacles to constrict eight enemies at once.
Your skin changes colour to match your surroundings (Stealth+).
Your rubbery body absorbs attacks. (AC +1, EV +1)


Message History

You feel as though you will be slow longer.
You feel sick.
You strike the helpless kobold from behind!
You hit the kobold.
The kobold is heavily wounded.
The kobold hits you but does no damage. x2
You hit the kobold but do no damage.
The kobold is moderately wounded.
The kobold hits you with a cursed -3 whip.
* * * LOW HITPOINT WARNING * * *
It was a potion of cancellation.
Your magical effects are unravelling.
You feel magically purged.
Your magical contamination has completely faded away.
You feel less wooden.
You feel yourself speed up.
You flicker back into view.
* * * LOW HITPOINT WARNING * * *
You feel sick. The kobold barely misses you.
It was a potion of haste.
You feel yourself speed up.
The kobold hits you with a cursed -3 whip.
You die...

#. #.#.. # #.. #.#.# .$ #..
#.#.# ##.#..##.#.#########
.........#.#).......
##.#...†.#...##########
......)...............#
####.###K#...########.#
#@##.## #.# #. #.##.# #.###
#.# #.##.# #.... ..# #.##.#
##### #.. ..##.# #.# ####.#
#.# #.########
#######.######........#
#.............#######.######


You could see a kobold.

Vanquished Creatures
  A gnoll (D:2)
  3 adders (D:2)
  2 dart slugs (D:1)
  A leopard gecko (D:1)
  4 giant cockroaches
  7 goblins
  4 hobgoblins
  8 jackals
  7 bats
  6 frilled lizards
  2 kobolds (D:2)
  7 rats
52 creatures vanquished.

Vanquished Creatures (collateral kills)
  A worm (D:2)
  A leopard gecko (D:2)
  A kobold (D:1)
3 creatures vanquished.

Grand Total: 55 creatures vanquished

Notes
Turn   | Place    | Note
-------+----------+-------------------------------------------
     0 | D:1      | Kohma the Octopode Transmuter began the quest for the Orb.
     0 | D:1      | Reached XP level 1. HP: 13/13 MP: 3/3
   321 | D:1      | Reached XP level 2. HP: 12/18 MP: 3/5
   325 | D:1      | Learned a level 2 spell: Sticks to Snakes
   561 | D:1      | Reached skill level 4 in Unarmed Combat
   620 | D:1      | Reached XP level 3. HP: 14/23 MP: 4/6
  1318 | D:2      | Reached XP level 4. HP: 20/28 MP: 0/7
  1333 | D:2      | Reached skill level 5 in Unarmed Combat
  1410 | D:2      | Learned a level 3 spell: Spider Form
  1586 | D:2      | HP: 1/28 [poisoned by an adder]
  1587 | D:2      | Slain by a kobold

Skill      XL: |  1  2  3  4 |
---------------+-------------+-----
Unarmed Combat | 4 5 |  5.0
Fighting       | |  1.0
Dodging        | |  2.0
Spellcasting   | |  2.1
Transmutations | |  2.1
Poison Magic   | |  0.6

Action                   |  1- 3 |  4- 6 || total
-------------------------+-------+-------++-------
Melee: Unarmed           |    69 |    32 ||   101
       Constrict         |    29 |     3 ||    32
       Tentacles         |    16 |     2 ||    18
       Kick              |    16 |     2 ||    18
 Cast: Beastly Appendage |    16 |     6 ||    22
       Sticks to Snakes  |     3 |       ||     3
       Spider Form       |       |     1 ||     1
  Use: Potion            |       |     4 ||     4
 Stab: Sleeping          |     5 |     3 ||     8
       Invisible         |       |     1 ||     1
  Eat: Chunk             |     1 |     2 ||     3
Armor: Skin              |     4 |     2 ||     6
Dodge: Dodged            |    47 |    29 ||    76
